 Dungeon Crawl Stone Soup version 0.15.2 (webtiles) character file.

746 Rgib the Chucker (level 7, -2/63 HPs)
             Began as a Minotaur Berserker on Dec 10, 2014.
             Was a Priest of Trog.
             Killed from afar by vonhedlund's ghost (6 damage)
             ... with a blast of negative energy
             ... on Level 5 of the Dungeon.
             The game lasted 01:15:22 (5389 turns).

Rgib the Chucker (Minotaur Berserker)               Turns: 5389, Time: 01:15:24

HP  -2/63        AC 13     Str 26      XL: 7   Next: 48%
MP   3/3         EV  6     Int  4      God: Trog [***...]
Gold 185         SH  0     Dex 12      Spells:  0 memorised,  6 levels left

rFire  . . .     SeeInvis .     a - +0 hand axe
rCold  + . .     Clarity  .     p - +0 plate armour {rC+}
rNeg   . . .     rCorr    .     (no shield)
rPois  .         rRot     .     f - +1 hat
rElec  .         Spirit   .     l - +0 cloak
SustAb .         Warding  .     (no gloves)
rMut   .         Stasis   .     (no boots)
Gourm  .                        (no amulet)
MR     ++...                    (no ring)
                                e - ring of wizardry

@: confused, berserking, lethally poisoned, regenerating, heavily drained, very
quick, very resistant to hostile enchantments, extremely unstealthy
A: retaliatory headbutt, horns 2, frail 3
a: Burn Spellbooks, Berserk, Trog's Hand, Renounce Religion


You were on level 5 of the Dungeon.
You worshipped Trog.
Trog was most pleased with you.
You were hungry.

You visited 1 branch of the dungeon, and saw 5 of its levels.

You collected 185 gold pieces.

Inventory:

Hand weapons
 a - a +0 hand axe (weapon)
 c - a +1 blowgun
 t - a +0 hand axe
 A - a +0 hunting sling
 B - a +0 hunting sling
 C - a +0 hunting sling
Missiles
 d - 47 poisoned needles
 g - 7 tomahawks
 i - 50 stones
 s - 2 tomahawks of returning
 v - a javelin (quivered)
Armour
 f - a +1 hat (worn)
 l - a +0 cloak (worn)
 p - a +0 plate armour of cold resistance (worn)
 x - a +1 helmet
Magical devices
 o - a wand of random effects (13)
 D - a wand of lightning (9) {unknown}
Comestibles
 j - 2 meat rations
 n - a bread ration
 r - a rotting chunk of worker ant flesh
 u - a slice of pizza
 E - a beef jerky
Scrolls
 b - a scroll of fog
 h - 3 scrolls of blinking
 k - 2 scrolls of identify
 m - a scroll of teleportation
 y - a scroll of amnesia {unknown}
Jewellery
 e - a ring of wizardry (left hand)


   Skills:
 + Level 4.6(3.2) Fighting
 + Level 4.6(3.3) Axes
 + Level 6.0(4.6) Throwing
 + Level 4.5(3.2) Armour
 + Level 3.3(2.0) Dodging
 + Level 1.0(0.0) Stealth


You had 6 spell levels left.
You didn't know any spells.

Dungeon Overview and Level Annotations

Branches:
Dungeon (5/15)             Temple (0/1) D:5

Altars:
Ashenzari
Cheibriados
Dithmenos
Elyvilon
Trog
Yredelemnul

Annotations:
D:5 vonhedlund's ghost, experienced DrCj


Innate Abilities, Weirdness & Mutations

You reflexively headbutt those who attack you in melee.
You have a pair of horns on your head.
You are extremely frail (-30% HP).


Message History

Vonhedlund's ghost breathes negative energy at you.
The blast of negative energy hits you!
You feel drained.
You barely miss vonhedlund's ghost.
Vonhedlund's ghost is heavily damaged.
You feel sick.
Vonhedlund's ghost points at you and mumbles some strange words.
The spray of energy hits you!
* * * LOW HITPOINT WARNING * * *
You are confused.
Ouch! You feel sick.
Vonhedlund's ghost points at you and mumbles some strange words.
The magic dart hits you!
* * * LOW HITPOINT WARNING * * *
You closely miss vonhedlund's ghost.
Your headbutt misses vonhedlund's ghost.
Vonhedlund's ghost is heavily damaged.
You feel sick.
Vonhedlund's ghost breathes negative energy at you.
The blast of negative energy hits you!
You feel drained.
You die...

#.##.#.##........####
#.##...##..#........#
#.#........+........#
#....#.# #........###
###..#.###
#........... #......#
#...........
#..#.#.#.#...........
#....W.[.+...........
#...@#.###........#+#
######(# #...........
.# #<.......#.. .#
#.###+#...#. ## #.#
#....> #.# ##..#. #.#
+##.#.. #.. ........
... .......


You could see vonhedlund's ghost.

Vanquished Creatures
  2 phantoms
  An ice beast (D:4)
  Sigmund (D:3)
  A scorpion (D:4)
  Crazy Yiuf (D:3)
  An iguana (D:4)
  2 worker ants
  Ijyb (D:3)
  Jessica (D:3)
  4 gnolls (D:4)
  5 adders
  5 worms
  An adder skeleton (D:4)
  4 giant geckos
  An ooze (D:2)
  2 orcs
  11 bats
  3 giant cockroaches
  10 hobgoblins
  13 kobolds
  A quokka (D:2)
  A ball python (D:1)
  5 giant newts
  9 goblins
  12 jackals
  2 kobold skeletons (D:4)
  10 rats
110 creatures vanquished.

Notes
Turn   | Place    | Note
--------------------------------------------------------------
     0 | D:1      | Rgib, the Minotaur Berserker, began the quest for the Orb.
     0 | D:1      | Reached XP level 1. HP: 19/19 MP: 1/1
   237 | D:1      | Reached skill level 4 in Axes
   243 | D:1      | Reached XP level 2. HP: 27/27 MP: 1/1
   696 | D:1      | Acquired Trog's second power
   719 | D:1      | Reached XP level 3. HP: 33/33 MP: 2/2
   997 | D:2      | Reached skill level 1 in Throwing
  1669 | D:2      | Reached XP level 4. HP: 40/40 MP: 2/2
  1800 | D:3      | Found a bloodstained altar of Trog.
  1801 | D:3      | Found a white marble altar of Elyvilon.
  1803 | D:3      | Found a shadowy altar of Dithmenos.
  1810 | D:3      | Found a shattered altar of Ashenzari.
  1819 | D:3      | Found a basalt altar of Yredelemnul.
  1820 | D:3      | Found a snail-covered altar of Cheibriados.
  1890 | D:3      | Gained mutation: You are frail (-10% HP). [potion of mutation]
  1890 | D:3      | Gained mutation: You are very frail (-20% HP). [potion of mutation]
  1890 | D:3      | Gained mutation: You are extremely frail (-30% HP). [potion of mutation]
  1949 | D:3      | Noticed Jessica
  1958 | D:3      | Killed Jessica
  2006 | D:3      | Noticed a phantom
  2314 | D:3      | Killed a phantom
  2314 | D:3      | Reached XP level 5. HP: 25/32 MP: 2/2
  2594 | D:3      | Noticed Ijyb
  2617 | D:3      | Killed Ijyb
  2699 | D:3      | Noticed Sigmund
  2715 | D:3      | Killed Sigmund
  2715 | D:3      | Reached XP level 6. HP: 19/36 MP: 3/3
  3252 | D:3      | Noticed Crazy Yiuf
  3263 | D:3      | Killed Crazy Yiuf
  4561 | D:4      | Received a gift from Trog
  4561 | D:4      | Reached skill level 5 in Throwing
  4611 | D:4      | Reached XP level 7. HP: 27/42 MP: 3/3
  4918 | D:4      | Reached skill level 1 in Stealth
  5143 | D:5      | Entered Level 5 of the Dungeon
  5198 | D:5      | Noticed vonhedlund's ghost (experienced DrCj)
  5202 | D:4      | Reached skill level 6 in Throwing
  5253 | D:5      | Found a staircase to the Ecumenical Temple.
  5389 | D:5      | Killed from afar by vonhedlund's ghost

Action                   |  1- 3 |  4- 6 |  7- 9 || total
-------------------------+-------+-------+-------++-------
Melee: Hand axe          |    81 |    84 |    37 ||   202
 Fire: Blowgun           |       |   137 |    28 ||   165
Throw: Tomahawk          |    20 |    16 |    16 ||    52
       Stone             |    23 |    26 |     6 ||    55
       Javelin           |    38 |    20 |     5 ||    63
Invok: Trog's Hand       |       |     3 |     1 ||     4
       Berserk           |       |     2 |     1 ||     3
Evoke: Wand              |       |     1 |       ||     1
  Use: Scroll            |     7 |     4 |     1 ||    12
       Potion            |       |     5 |     2 ||     7
 Stab: Distracted        |       |     3 |       ||     3
  Eat: Chunk             |     2 |     3 |     2 ||     7
       Bread ration      |       |     1 |       ||     1
       Meat ration       |       |     1 |       ||     1
